TOP OF THE 1ST |
Biloxi Shuckers batting - Pitching for Colorado (EL) Rockies : RHP Josh Thomas
|
Pitching: RHP Josh Thomas
|
|
Batting: RHB Hector Silva
|
0-0: Ball 1-0: Called Strike 1-1: Ball 2-1: Foul Ball, location: 2F 2-2: Ball 3-2: Strikes out looking
|
Batting: RHB Herb McIntyre
|
0-0: Ground out 5-3 (Groundball, 5, EV 88.8 MPH)
|
Batting: RHB Vinny Estrada
|
0-0: Called Strike 0-1: Swinging Strike 0-2: Ball 1-2: Strikes out swinging
|
Top of the 1st over - 0 runs, 0 hits, 0 errors, 0 left on base; Biloxi 0 - Colorado (EL) 0 |
BOTTOM OF THE 1ST |
Colorado (EL) Rockies batting - Pitching for Biloxi Shuckers : RHP Mike Ellinwood
|
Pitching: RHP Mike Ellinwood
|
|
Batting: RHB Mike McElroy
|
0-0: Ball 1-0: Ball 2-0: Ball 3-0: Called Strike 3-1: Ground out 5-3 (Groundball, 56S, EV 80.0 MPH)
|
Batting: LHB Seung-jun Chang
|
0-0: Called Strike 0-1: Foul Ball, location: 2F 0-2: Ball 1-2: Strikes out looking
|
Batting: LHB Luke Coulter
|
0-0: Foul Ball, location: 2F 0-1: Fly out, F8 (Flyball, 78M, EV 87.5 MPH)
|
Bottom of the 1st over - 0 runs, 0 hits, 0 errors, 0 left on base; Biloxi 0 - Colorado (EL) 0 |
TOP OF THE 2ND |
Biloxi Shuckers batting - Pitching for Colorado (EL) Rockies : RHP Josh Thomas
|
Batting: RHB Steve Byerly
|
0-0: Called Strike 0-1: Ball 1-1: Ball 2-1: Foul Ball, location: 2F 2-2: Ground out 4-3 (Groundball, 4MD, EV 89.4 MPH)
|
Batting: RHB Brian Landrum
|
0-0: Ball 1-0: Ball 2-0: Foul Ball, location: 2F 2-1: Ground out 6-3 (Groundball, 6M, EV 85.6 MPH)
|
Batting: RHB Cameron Rattenbury
|
0-0: Called Strike 0-1: Ball 1-1: TRIPLE (Line Drive, 9D, EV 99.4 MPH)
|
Batting: LHB Paul Collins
|
0-0: Ball 1-0: Swinging Strike 1-1: Swinging Strike 1-2: Fly out, F4 (Popup, 13S, EV 89.4 MPH)
|
Top of the 2nd over - 0 runs, 1 hit, 0 errors, 1 left on base; Biloxi 0 - Colorado (EL) 0 |
BOTTOM OF THE 2ND |
Colorado (EL) Rockies batting - Pitching for Biloxi Shuckers : RHP Mike Ellinwood
|
Batting: SHB Jeff Sorrels
|
0-0: Ball 1-0: SINGLE (Groundball, 34D, EV 96.9 MPH)
|
Batting: LHB Matt Calitri
|
0-0: Swinging Strike 0-1: Ball 1-1: Called Strike 1-2: Strikes out swinging
|
Batting: LHB Harry Folsom
|
0-0: Ball 1-0: Ball 2-0: SINGLE (Line Drive, 8LS, EV 98.8 MPH) Jeff Sorrels to second
|
Batting: LHB Barnabé Metrass
|
0-0: Grounds into double play, 4-6-3 (Groundball, 13, EV 81.9 MPH)
|
Bottom of the 2nd over - 0 runs, 2 hits, 0 errors, 1 left on base; Biloxi 0 - Colorado (EL) 0 |
TOP OF THE 3RD |
Biloxi Shuckers batting - Pitching for Colorado (EL) Rockies : RHP Josh Thomas
|
Batting: RHB Juan Villanueva
|
0-0: Ball 1-0: Called Strike 1-1: Swinging Strike 1-2: Foul Ball, location: 2F 1-2: Foul Ball, location: 2F 1-2: Strikes out swinging
|
Batting: SHB Robert Sayer
|
0-0: Ball 1-0: Fly out, F7 (Flyball, 7LS, EV 86.9 MPH)
|
Batting: RHB Hector Silva
|
0-0: Ball 1-0: Fly out, F8 (Flyball, 8RD, EV 101.9 MPH)
|
Top of the 3rd over - 0 runs, 0 hits, 0 errors, 0 left on base; Biloxi 0 - Colorado (EL) 0 |
BOTTOM OF THE 3RD |
Colorado (EL) Rockies batting - Pitching for Biloxi Shuckers : RHP Mike Ellinwood
|
Batting: RHB Salvador Avina
|
0-0: Ball 1-0: DOUBLE (Groundball, 5L, EV 100.6 MPH)
|
Batting: RHB Kevin McKasson
|
0-0: Called Strike 0-1: Swinging Strike 0-2: Ball 1-2: Ground out 6-3 (Groundball, 56, EV 86.2 MPH)
|
Batting: RHB Mike McElroy
|
0-0: Ball Passed Ball! Salvador Avina to third 1-0: Fly out, F8 (Flyball, 78D, EV 88.1 MPH) Runner from 3rd tags up, SCORES, throw by CF
|
Batting: LHB Seung-jun Chang
|
0-0: Foul Ball, location: 2F 0-1: Foul Ball, location: 2F 0-2: Strikes out looking
|
Bottom of the 3rd over - 1 run, 1 hit, 0 errors, 0 left on base; Biloxi 0 - Colorado (EL) 1 |
TOP OF THE 4TH |
Biloxi Shuckers batting - Pitching for Colorado (EL) Rockies : RHP Josh Thomas
|
Batting: RHB Herb McIntyre
|
0-0: Ball 1-0: Called Strike 1-1: Called Strike 1-2: Strikes out swinging
|
Batting: RHB Vinny Estrada
|
0-0: Fly out, F5 (Popup, 5F, EV 81.9 MPH)
|
Batting: RHB Steve Byerly
|
0-0: Ball 1-0: Ball 2-0: Ball 3-0: Called Strike 3-1: Foul Ball, location: 2F 3-2: Fly out, F9 (Line Drive, 89D, EV 89.4 MPH)
|
Top of the 4th over - 0 runs, 0 hits, 0 errors, 0 left on base; Biloxi 0 - Colorado (EL) 1 |
BOTTOM OF THE 4TH |
Colorado (EL) Rockies batting - Pitching for Biloxi Shuckers : RHP Mike Ellinwood
|
Batting: LHB Luke Coulter
|
0-0: Ground out 4-3 (Groundball, 4, EV 79.4 MPH)
|
Batting: SHB Jeff Sorrels
|
0-0: Foul Ball, location: 2F 0-1: Ball 1-1: Swinging Strike 1-2: Ball 2-2: SINGLE (Line Drive, 6D, EV 95.6 MPH)
|
Batting: LHB Matt Calitri
|
0-0: 2-RUN HOME RUN (Line Drive, 9LD, EV 93.8 MPH), Distance : 337 ft
|
Batting: LHB Harry Folsom
|
0-0: Ball 1-0: Foul Ball, location: 2F 1-1: Ball 2-1: Ground out 5-3 (Groundball, 5L, EV 84.4 MPH)
|
Batting: LHB Barnabé Metrass
|
0-0: Ball 1-0: Ball 2-0: SINGLE (Flyball, 89S, EV 90.0 MPH)
|
Batting: RHB Salvador Avina
|
0-0: Called Strike 0-1: Swinging Strike 0-2: Reached on error, E1 (Groundball, 13, EV 72.5 MPH) Barnabé Metrass to third
|
Batting: RHB Kevin McKasson
|
0-0: Ball 1-0: Called Strike 1-1: Foul Ball, location: 2F 1-2: Ball 2-2: Foul Ball, location: 2F 2-2: Foul Ball, location: 2F 2-2: Ball 3-2: Base on Balls
|
Batting: RHB Mike McElroy
|
0-0: Ball 1-0: Ground out 6-3 (Groundball, 6S, EV 81.2 MPH)
|
Bottom of the 4th over - 2 runs, 3 hits, 1 error, 3 left on base; Biloxi 0 - Colorado (EL) 3 |
TOP OF THE 5TH |
Biloxi Shuckers batting - Pitching for Colorado (EL) Rockies : RHP Josh Thomas
|
Batting: RHB Brian Landrum
|
0-0: Foul Ball, location: 2F 0-1: Ball 1-1: Ground out 6-3 (Groundball, 6, EV 84.4 MPH)
|
Batting: RHB Cameron Rattenbury
|
0-0: Fly out, F7 (Flyball, 78S, EV 85.0 MPH)
|
Batting: LHB Paul Collins
|
0-0: Swinging Strike 0-1: Ball 1-1: Called Strike 1-2: Foul Ball, location: 2F 1-2: Hit by Pitch
|
Batting: RHB Juan Villanueva
|
0-0: Swinging Strike 0-1: Ball 1-1: Ball Paul Collins steals 2nd base 2-1: Called Strike 2-2: SINGLE (Groundball, 34D, EV 104.4 MPH) Paul Collins to third
|
Batting: SHB Robert Sayer
|
0-0: Ball 1-0: Called Strike 1-1: Ball 2-1: Foul Ball, location: 2F 2-2: Ball 3-2: Strikes out swinging
|
Top of the 5th over - 0 runs, 1 hit, 0 errors, 2 left on base; Biloxi 0 - Colorado (EL) 3 |
BOTTOM OF THE 5TH |
Colorado (EL) Rockies batting - Pitching for Biloxi Shuckers : RHP Mike Ellinwood
|
Batting: LHB Seung-jun Chang
|
0-0: Ball 1-0: Called Strike 1-1: Ground out 6-3 (Groundball, 6D, EV 90.6 MPH)
|
Batting: LHB Luke Coulter
|
0-0: Ball 1-0: Called Strike 1-1: Ball 2-1: Ball 3-1: Fly out, F7 (Flyball, 7, EV 76.2 MPH)
|
Batting: SHB Jeff Sorrels
|
0-0: Called Strike 0-1: Ball 1-1: Ball 2-1: Ball 3-1: Base on Balls
|
Batting: LHB Matt Calitri
|
0-0: Ball 1-0: SINGLE (Flyball, 8RS, EV 91.2 MPH) Jeff Sorrels to second
|
Batting: LHB Harry Folsom
|
0-0: Called Strike 0-1: SINGLE (Groundball, 34S, EV 65.0 MPH) (infield hit) Jeff Sorrels to third Matt Calitri to second
|
Batting: LHB Barnabé Metrass
|
0-0: Ground out 4-3 (Groundball, 34, EV 90.6 MPH)
|
Bottom of the 5th over - 0 runs, 2 hits, 0 errors, 3 left on base; Biloxi 0 - Colorado (EL) 3 |
TOP OF THE 6TH |
Biloxi Shuckers batting - Pitching for Colorado (EL) Rockies : RHP Josh Thomas
|
Batting: RHB Hector Silva
|
0-0: SINGLE (Groundball, 5S, EV 72.5 MPH) (infield hit)
|
Batting: RHB Herb McIntyre
|
0-0: Ball Hector Silva steals 2nd base 1-0: Called Strike 1-1: Called Strike 1-2: Strikes out swinging
|
Batting: RHB Vinny Estrada
|
0-0: Ball 1-0: Called Strike 1-1: Fly out, F9 (Flyball, 9D, EV 109.4 MPH) Runner from 2nd tags up, SAFE at 3rd, no throw by RF
|
Batting: RHB Steve Byerly
|
0-0: Called Strike 0-1: Called Strike 0-2: SINGLE (Line Drive, 34D, EV 99.4 MPH) Hector Silva scores
|
Batting: RHB Brian Landrum
|
0-0: Ball 1-0: Ball 2-0: SINGLE (Groundball, 34S, EV 80.0 MPH) (infield hit) Steve Byerly to second
|
Batting: RHB Cameron Rattenbury
|
0-0: Called Strike 0-1: Ball 1-1: Ball 2-1: Fly out, F5 (Line Drive, 5, EV 61.9 MPH)
|
Top of the 6th over - 1 run, 3 hits, 0 errors, 2 left on base; Biloxi 1 - Colorado (EL) 3 |
BOTTOM OF THE 6TH |
Colorado (EL) Rockies batting - Pitching for Biloxi Shuckers : RHP Mike Ellinwood
|
Batting: RHB Salvador Avina
|
0-0: Called Strike 0-1: Ball 1-1: Foul Ball, location: 2F 1-2: Fly out, F8 (Flyball, 8RXD, EV 90.0 MPH)
|
Batting: RHB Kevin McKasson
|
0-0: Ball 1-0: Ball 2-0: Called Strike 2-1: Ground out 6-3 (Groundball, 6, EV 104.4 MPH)
|
Batting: RHB Mike McElroy
|
0-0: Foul Ball, location: 2F 0-1: Swinging Strike 0-2: Ball 1-2: Ball 2-2: Strikes out looking
|
Bottom of the 6th over - 0 runs, 0 hits, 0 errors, 0 left on base; Biloxi 1 - Colorado (EL) 3 |
TOP OF THE 7TH |
Biloxi Shuckers batting - Pitching for Colorado (EL) Rockies : RHP Josh Thomas
|
Pitching: RHP Sipi Kilpinen
|
|
Batting: LHB Paul Collins
|
0-0: Called Strike 0-1: Called Strike 0-2: Ball 1-2: Strikes out swinging
|
Batting: RHB Juan Villanueva
|
0-0: Ball 1-0: Ball 2-0: Called Strike 2-1: Called Strike 2-2: Foul Ball, location: 2F 2-2: SINGLE (Groundball, 56D, EV 108.1 MPH)
|
Batting: SHB Robert Sayer
|
0-0: Ball 1-0: Fielders Choice at 2nd, 5-4 (Groundball, 5, EV 88.8 MPH)
|
Batting: RHB Hector Silva
|
0-0: Called Strike 0-1: Ball 1-1: Called Strike 1-2: Strikes out swinging
|
Top of the 7th over - 0 runs, 1 hit, 0 errors, 1 left on base; Biloxi 1 - Colorado (EL) 3 |
BOTTOM OF THE 7TH |
Colorado (EL) Rockies batting - Pitching for Biloxi Shuckers : RHP Mike Ellinwood
|
Batting: LHB Seung-jun Chang
|
0-0: Ball 1-0: Foul Ball, location: 2F 1-1: Ball 2-1: Foul Ball, location: 2F 2-2: Ball 3-2: Ground out 5-3 (Groundball, 5, EV 91.2 MPH)
|
Batting: LHB Luke Coulter
|
0-0: Ball 1-0: Ball 2-0: Ball 3-0: Base on Balls
|
Pitching: LHP Jim McCutcheon
|
|
Batting: SHB Jeff Sorrels
|
0-0: Swinging Strike 0-1: Ball 1-1: Foul Ball, location: 2F 1-2: Ball 2-2: Fly out, F3 (Popup, 3F, EV 78.8 MPH)
|
Batting: LHB Matt Calitri
|
0-0: Called Strike 0-1: Foul Ball, location: 2F 0-2: Ball 1-2: Foul Ball, location: 2F 1-2: Fly out, F7 (Line Drive, 7S, EV 90.0 MPH)
|
Bottom of the 7th over - 0 runs, 0 hits, 0 errors, 1 left on base; Biloxi 1 - Colorado (EL) 3 |
TOP OF THE 8TH |
Biloxi Shuckers batting - Pitching for Colorado (EL) Rockies : RHP Sipi Kilpinen
|
Pitching: RHP Mike Clark
|
|
Batting: RHB Herb McIntyre
|
0-0: Swinging Strike 0-1: Ball 1-1: Fly out, F7 (Line Drive, 7, EV 97.5 MPH)
|
Batting: RHB Vinny Estrada
|
0-0: Foul Ball, location: 2F 0-1: Foul Ball, location: 2F 0-2: Foul Ball, location: 2F 0-2: Ball 1-2: Ball 2-2: SINGLE (Flyball, 89M, EV 91.2 MPH)
|
Batting: RHB Steve Byerly
|
0-0: DOUBLE (Line Drive, 78D, EV 109.4 MPH) Vinny Estrada to third Runner from 3rd tries for Home, SAFE, throw by CF to trailing runner, SAFE at third!
|
Pinch Hitting: LHB Adam Hill
|
0-0: Foul Ball, location: 2F 0-1: Ball 1-1: Swinging Strike 1-2: Ball 2-2: Foul Ball, location: 2F 2-2: Ball 3-2: Base on Balls
|
Pinch Hitting: SHB Sam Bingham
|
0-0: Called Strike 0-1: Foul Ball, location: 2F 0-2: DOUBLE (Flyball, 89D, EV 110.0 MPH) Steve Byerly scores Adam Hill to third
|
Batting: LHB Paul Collins
|
0-0: Intentional Walk
|
Batting: RHB Juan Villanueva
|
0-0: Swinging Strike 0-1: Foul Ball, location: 2F 0-2: Ball 1-2: Foul Ball, location: 2F 1-2: SINGLE (Line Drive, 78S, EV 108.8 MPH) Adam Hill scores Sam Bingham to third Paul Collins to second Runner from 3rd tries for Home, SAFE, throw by CF to home
|
Pitching: RHP James Bitner
|
|
Batting: SHB Robert Sayer
|
0-0: Fielders Choice at 2nd, 4-6 (Groundball, 4D, EV 100.6 MPH) Paul Collins to third
|
Batting: RHB Hector Silva
|
0-0: Ball 1-0: Ball 2-0: Called Strike 2-1: Swinging Strike 2-2: Strikes out looking
|
Top of the 8th over - 4 runs, 4 hits, 0 errors, 2 left on base; Biloxi 5 - Colorado (EL) 3 |
BOTTOM OF THE 8TH |
Colorado (EL) Rockies batting - Pitching for Biloxi Shuckers : LHP Jim McCutcheon
|
Now at 2B: Robert Sayer
|
|
Now at SS: Adam Hill
|
|
Now in RF: Josh Nelson
|
|
Batting: LHB Harry Folsom
|
0-0: Ball 1-0: Ground out 6-3 (Groundball, 6, EV 87.5 MPH)
|
Pinch Hitting: RHB John Boyer
|
0-0: Ball 1-0: Foul Ball, location: 2F 1-1: SINGLE (Groundball, 6MD, EV 96.9 MPH)
|
Batting: RHB Salvador Avina
|
0-0: Called Strike 0-1: Ball 1-1: Called Strike 1-2: Ball 2-2: Ball 3-2: Foul Ball, location: 2F 3-2: Fly out, F8 (Flyball, 8LM, EV 89.4 MPH)
|
Batting: RHB Kevin McKasson
|
0-0: Ball 1-0: Called Strike 1-1: Foul Ball, location: 2F 1-2: Ball 2-2: Ball 3-2: DOUBLE (Flyball, 89D, EV 100.6 MPH) John Boyer to third John Boyer scores
|
Pitching: RHP Chris Ishii
|
|
Batting: RHB Mike McElroy
|
0-0: Called Strike 0-1: Ground out 6-3 (Groundball, 6, EV 97.5 MPH)
|
Bottom of the 8th over - 1 run, 2 hits, 0 errors, 1 left on base; Biloxi 5 - Colorado (EL) 4 |
TOP OF THE 9TH |
Biloxi Shuckers batting - Pitching for Colorado (EL) Rockies : RHP James Bitner
|
Now in RF: John Boyer
|
|
Batting: RHB Herb McIntyre
|
0-0: Ball 1-0: Foul Ball, location: 2F 1-1: Called Strike 1-2: Ball 2-2: Ball 3-2: Foul Ball, location: 2F 3-2: SOLO HOME RUN (Flyball, 7D, EV 96.9 MPH), Distance : 351 ft
|
Batting: RHB Vinny Estrada
|
0-0: Ball 1-0: Swinging Strike 1-1: Foul Ball, location: 2F 1-2: Ball 2-2: Ball 3-2: Strikes out looking
|
Batting: RHB Steve Byerly
|
0-0: Swinging Strike 0-1: Ground out 6-3 (Groundball, 6, EV 85.0 MPH)
|
Batting: LHB Adam Hill
|
0-0: Ball 1-0: Fly out, F6 (Line Drive, 6, EV 66.2 MPH)
|
Top of the 9th over - 1 run, 1 hit, 0 errors, 0 left on base; Biloxi 6 - Colorado (EL) 4 |
BOTTOM OF THE 9TH |
Colorado (EL) Rockies batting - Pitching for Biloxi Shuckers : RHP Chris Ishii
|
Pitching: RHP Ernie Schmutz
|
|
Batting: LHB Seung-jun Chang
|
0-0: Called Strike 0-1: Ball 1-1: Ball 2-1: Swinging Strike 2-2: Ball 3-2: Ground out 4-3 (Groundball, 4, EV 79.4 MPH)
|
Batting: LHB Luke Coulter
|
0-0: Ball 1-0: Foul Ball, location: 9LSF, Error on foul ball, E9 1-1: Called Strike 1-2: DOUBLE (Line Drive, 7LM, EV 95.0 MPH)
|
Batting: SHB Jeff Sorrels
|
0-0: Ball 1-0: Called Strike 1-1: Foul Ball, location: 2F 1-2: Strikes out swinging
|
Batting: LHB Matt Calitri
|
0-0: Called Strike 0-1: Ball 1-1: Fly out, F4 (Line Drive, 4, EV 68.8 MPH)
|
Bottom of the 9th over - 0 runs, 1 hit, 1 error, 1 left on base; Biloxi 6 - Colorado (EL) 4 |
|